 Dungeon Crawl Stone Soup version 0.30.1-3-gfc49f6343a (webtiles) character file.

Game seed: 3449301459492342751

125490 Pepete the Warrior (level 16, -3/211 HPs)
             Began as a Minotaur Berserker on July 20, 2023.
             Was a High Priest of Trog.
             Slain by a demonic crawler (7 damage)
             ... on level 2 of the Spider Nest.
             The game lasted 00:54:42 (42900 turns).

Pepete the Warrior (Minotaur Berserker)            Turns: 42900, Time: 00:54:42

Health: -3/211     AC: 34    Str: 36    XL:     16   Next: 41%
Magic:  15/15      EV: 10    Int:  4    God:    Trog [*****.]
Gold:   1321       SH:  0    Dex:  8    Spells: 15/15 levels left

rFire   . . .        i - +4 executioner's axe (vamp)
rCold   . . .        (shield currently unavailable)
rNeg    + . .        B - +9 plate armour of the Game of Life {Str+3}
rPois   .            (helmet restricted)
rElec   +            W - +2 cloak
rCorr   .            e - +2 pair of gloves
SInv    .            H - +2 pair of boots
Will    +....        q - amulet of regeneration Stlth
                     S - +4 ring of slaying
HPRegen 1.35/turn    P - ring "Kodar" {Fly rElec rN+ Str+4 Dex-3}
MPRegen 0.14/turn

%: no passive effects
@: berserking, lethally poisoned (-3 -> -8), corroded, flying, very quick
A: horns 2, retaliatory headbutt, frail 1, teleportitis 1
a: Renounce Religion, Berserk, Trog's Hand, Brothers in Arms


You were on level 2 of the Spider Nest.
You worshipped Trog.
Trog was extremely pleased with you.
You visited 4 branches of the dungeon, and saw 25 of its levels.
You also visited: Sewer.

You collected 2877 gold pieces.
You spent 1556 gold pieces at shops.

Inventory:

Hand Weapons
 b - a +0 hand axe of freezing
 i - a +4 vampiric executioner's axe (weapon)
 j - a +5 antimagic war axe
 r - a +5 broad axe of flaming
 A - a +5 shortbow of freezing
 C - a +1 whip of electrocution
 M - the +8 storm bow {elec, penet}
   (You found it on level 12 of the Dungeon)
Missiles
 G - 4 throwing nets (quivered)
Armour
 e - a +2 pair of gloves (worn)
 f - a +2 pair of boots of stealth
 B - the +9 plate armour of the Game of Life (worn) {Str+3}
   (You found it on level 12 of the Dungeon)

   Str:       It affects your strength (+3).
 H - a +2 pair of boots (worn)
 K - a +2 kite shield
 V - a +0 tower shield
 W - a +2 cloak (worn)
Jewellery
 a - a ring of resist corrosion
 n - an amulet of magic regeneration
 q - an amulet of regeneration (around neck)
 t - a +5 ring of evasion
 P - the ring "Kodar" (right hand) {Fly rElec rN+ Str+4 Dex-3}
   (You bought it in a shop on level 2 of the Dungeon)

   [ring of flight]

   Str:       It affects your strength (+4).
   Dex:       It affects your dexterity (-3).
   rElec:     It insulates you from electricity.
   rN:        It protects you from negative energy.
   Fly:       It grants you flight.
 S - a +4 ring of slaying (left hand)
Wands
 v - a wand of quicksilver (13)
 x - a wand of charming (18)
 E - a wand of flame (39)
 I - a wand of iceblast (27)
 L - a wand of polymorph (4)
 O - a wand of mindburst (13)
Scrolls
 g - 2 scrolls of fog
 p - 4 scrolls of silence
 u - a scroll of brand weapon
 y - 3 scrolls of poison
 z - 6 scrolls of identify
 F - 2 scrolls of magic mapping
 N - 2 scrolls of butterflies
 Q - 4 scrolls of blinking
 U - a scroll of fear
Potions
 c - 2 potions of berserk rage
 d - 4 potions of attraction
 h - 2 potions of cancellation
 k - 5 potions of haste
 l - 13 potions of curing
 m - 2 potions of resistance
 o - a potion of heal wounds
 s - 2 potions of might
 w - 6 potions of lignification
 D - 3 potions of flight
 J - 6 potions of mutation
 R - 7 potions of ambrosia


   Skills:
 + Level 18.0 Fighting
 - Level 16.0(17.1) Axes
 - Level 10.4(14.4) Maces & Flails
 * Level 12.5 Ranged Weapons
 + Level 17.8 Armour
 - Level 4.0 Dodging
 - Level 11.3 Shields


You had 15 spell levels left.
You didn't know any spells.
Your spell library was empty.

Dungeon Overview and Level Annotations

Branches:
Dungeon (15/15)            Temple (0/1) D:7            Lair (5/5) D:8
  Swamp (0/4) Lair:3       Spider (3/4) Lair:3        Slime (0/5) Lair:5
    Orc (2/2) D:12            Elf (0/3) Orc:2        Vaults (0/5) D:13
 Depths (0/4) D:15          Sewer (visited)

Altars:
Ashenzari
Cheibriados
Dithmenos
Hepliaklqana
Ru
Wu Jian
Zin
The Shining One
Jiyva

Shops:
D:2 (=[!   D:4 (   D:6 :   D:7 [   Orc:1 =   Orc:2 :=*::

Annotations:
D:4 2 transporters
D:6 1 transporter, bairyn's ghost, novice SpRe
Lair:2 3 runed translucent doors, erynZofia's ghost, journeyman DECj


Innate Abilities, Weirdness & Mutations

You have a pair of horns on your head.
You reflexively headbutt those who attack you in melee.
You are frail. (-10% HP)
You are occasionally teleported next to monsters.


Message History

You feel very sick.
The demonic crawler hits you but does no damage.
The demonic crawler completely misses you.
The demonic crawler barely misses you.
You slash the demonic crawler!
You headbutt the demonic crawler, but do no damage.
The demonic crawler is severely wounded.
You hit the emperor scorpion simulacrum but do no damage.
You closely miss the entropy weaver simulacrum.
You feel very sick.
The emperor scorpion simulacrum hits you!
The emperor scorpion simulacrum freezes you!!
* * * LOW HITPOINT WARNING * * *
The emperor scorpion simulacrum barely misses you.
The emperor scorpion simulacrum claws you.
* * * LOW HITPOINT WARNING * * *
The emperor scorpion simulacrum freezes you!!
* * * LOW HITPOINT WARNING * * *
The entropy weaver simulacrum barely misses you. x2
The entropy weaver simulacrum hits you but does no damage. x2
The demonic crawler hits you!
* * * LOW HITPOINT WARNING * * *
The demonic crawler hits you but does no damage. x2
You are too berserk!
You hit the demonic crawler but do no damage.
You headbutt the demonic crawler!
The demonic crawler is almost dead.
You slice the emperor scorpion simulacrum!!
You barely miss the entropy weaver simulacrum.
You feel sick.
The emperor scorpion simulacrum closely misses you.
You furiously retaliate!
You headbutt the emperor scorpion simulacrum!!
The emperor scorpion simulacrum vaporises!
The entropy weaver simulacrum barely misses you. x2
The entropy weaver simulacrum hits you but does no damage. x2
The demonic crawler closely misses you. The demonic crawler hits you.
* * * LOW HITPOINT WARNING * * *
The demonic crawler hits you!
You die...

#......................
#....)........:......#.
#..................####
#............####..## #
#.)......#####..##..#
#.."....##.##....#..##
#.......#...#........#
#....☼°.#...#..#^....#
#....s@.##.....#######
#....Z††#..#...#
#..######..#...#
#.##.#.#...#####
###.......#######
#...#..####.^.##
##..#### #.^..^# ###
####..# #.....####.#
#....## ##..........


You could see a demonic crawler and an entropy weaver simulacrum.

Vanquished Creatures
  Jorgrun (D:13)
  Rupert (Lair:3)
  Frances (Spider:1)
  Donald (Spider:2)
  A fire giant (D:15)
  Louise (Spider:1)
  2 emperor scorpions
  A ghost moth (Spider:2)
  A spark wasp (Spider:3)
  Snorg (D:10)
  Josephine (D:14)
  3 entropy weavers
  4 catoblepae
  6 hydras
  5 boulder beetles
  3 radroaches (Spider:1)
  Harold (D:9)
  A jorogumo (Spider:1)
  A centaur warrior (D:15)
  4 two-headed ogres
  11 death yaks (Lair:5)
  2 tengu warriors (D:13)
  Urug (D:10)
  4 orc high priests (Orc:2)
  A shadow wraith (D:13)
  A sun moth (Spider:2)
  3 sixfirhies (D:12)
  3 skeletal warriors (D:13)
  2 skysharks
  4 pharaoh ants
  A deep troll (D:13)
  7 orb spiders
  A wizard (D:14)
  Pikel (D:7)
  4 orc knights
  3 steelbarb worms
  5 ugly things (D:14)
  A deep elf zephyrmancer (D:12)
  3 deep elf pyromancers
  10 wolf spiders
  5 orc sorcerers
  An oklob plant (Lair:1)
  8 manticores
  5 cyclopes
  Joseph (D:9)
  10 elephants
  A black mamba (Lair:4)
  A guardian serpent (shapeshifter) (Spider:1)
  8 torpor snails
  2 demonic crawlers (Spider:1)
  2 gargoyles (D:12)
  9 cane toads
  An efreet (D:15)
  An unseen horror (D:10)
  A kobold demonologist (D:12)
  A cane toad (shapeshifter) (D:13)
  14 komodo dragons
  2 freezing wraiths (Spider:2)
  A queen bee (Spider:1)
  7 trolls
  3 meliai (Spider:1)
  2 hornets
  3 polar bears
  9 tarantellas
  3 raiju (D:12)
  9 dream sheep
  A hornet (shapeshifter) (D:15)
  11 blink frogs
  6 slime creatures
  7 culicivoras
  4 vampires
  22 jumping spiders
  4 wraiths (D:14)
  4 wyverns
  A centaur simulacrum (D:14)
  2 basilisks
  53 yaks
  Grum (D:9)
  A steam dragon (D:8)
  A human (shapeshifter) (D:14)
  22 redbacks
  Menkaure (D:4)
  4 wargs
  Edmund (D:4)
  4 acid dragons
  21 water moccasins
  Duvessa (D:7)
  A black bear (Lair:1)
  24 orc warriors
  2 ice beasts (D:6)
  A sky beast (D:7)
  4 ogres
  4 wolves (D:9)
  6 centaurs
  A phantom (D:5)
  A kobold brigand (D:9)
  2 gnoll sergeants
  16 bullfrogs
  A scorpion (D:7)
  12 wights
  Dowan (D:7)
  30 killer bees
  A howler monkey (D:13)
  An electric eel (D:15)
  33 orc priests
  4 hounds
  2 sleepcaps
  A jelly (D:4)
  Ijyb (D:4)
  2 gnoll boudas
  11 iguanas
  35 orc wizards
  2 human simulacra (D:14)
  7 adders
  14 gnolls
  A shadow imp (D:5)
  A white imp (D:6)
  A worm (D:5)
  4 dart slugs
  82 orcs
  15 ball pythons
  6 endoplasms
  18 giant cockroaches
  7 goblins
  10 hobgoblins
  8 jackals (D:2)
  8 quokkas
  7 bats
  11 frilled lizards
  14 kobolds
  5 rats
  A spectral goblin (D:7)
809 creatures vanquished.

Vanquished Creatures (others)
  A wolf spider (Spider:1)
  A sky beast (D:7)
  An orc wizard (D:8)
3 creatures vanquished.

Grand Total: 812 creatures vanquished

Notes
Turn   | Place    | Note
-------+----------+-------------------------------------------
     0 | D:1      | Pepete the Minotaur Berserker began the quest for the Orb.
     0 | D:1      | Reached XP level 1. HP: 19/19 MP: 0/0
    64 | D:1      | Reached XP level 2. HP: 27/27 MP: 1/1
   485 | D:2      | Found Axixukk's Armour Boutique.
   490 | D:2      | Reached skill level 4 in Fighting
   502 | D:2      | Reached ** piety under Trog
   517 | D:2      | Reached XP level 3. HP: 31/33 MP: 2/2
   525 | D:2      | Found a glowing silver altar of Zin.
   526 | D:2      | Found Gexzes's Jewellery Emporium.
   719 | D:2      | Found Hexotton's Weapon Emporium.
   796 | D:2      | Found Xosa's Distillery.
   812 | D:2      | Bought 2 potions of heal wounds for 100 gold pieces
   854 | D:2      | Reached XP level 4. HP: 39/40 MP: 3/3
  1664 | D:3      | Reached *** piety under Trog
  1722 | D:3      | Reached XP level 5. HP: 46/47 MP: 4/4
  1987 | D:3      | Found a faded altar of an unknown god.
  2121 | D:4      | Noticed Menkaure
  2132 | D:4      | Killed Menkaure
  2133 | D:4      | Reached skill level 5 in Fighting
  2133 | D:4      | Reached skill level 5 in Axes
  2133 | D:4      | Reached XP level 6. HP: 54/56 MP: 5/5
  2446 | D:4      | Found a transporter.
  2462 | D:4      | Noticed Ijyb
  2471 | D:4      | Reached skill level 1 in Shields
  2473 | D:4      | Killed Ijyb
  2991 | D:4      | Noticed Edmund
  3000 | D:4      | Killed Edmund
  3001 | D:4      | Reached XP level 7. HP: 61/61 MP: 6/6
  3394 | D:4      | Reached skill level 5 in Armour
  3681 | D:4      | Found a transporter.
  3681 | D:4      | Found Wokywnos's Weapon Boutique.
  3739 | D:4      | Found a broken altar of Ashenzari.
  3945 | D:5      | Entered Level 5 of the Dungeon
  4187 | D:5      | Reached skill level 6 in Fighting
  4584 | D:5      | Found a glowing drain.
  4595 | Sewer    | Entered a sewer
  4646 | Sewer    | Reached XP level 8. HP: 71/71 MP: 7/7
  4649 | Sewer    | Reached **** piety under Trog
  4810 | Sewer    | Reached skill level 5 in Shields
  5246 | D:5      | Found a glowing golden altar of the Shining One.
  5624 | D:6      | Found a snail-covered altar of Cheibriados.
  5803 | D:6      | Reached skill level 7 in Fighting
  6003 | D:6      | Identified the +7 great mace of Spite {pain, rC+ Will-
                  | Str+2 SInv}
  6004 | D:6      | Found a transporter.
  6005 | D:6      | Noticed bairyn's ghost (novice SpRe)
  6343 | D:6      | Found a sacrificial altar of Ru.
  6435 | D:6      | Found Surhompi's Tremendous Tomes.
  7201 | D:7      | Noticed Duvessa
  7201 | D:7      | Noticed Dowan
  7204 | D:7      | Killed Duvessa
  7205 | D:7      | Reached skill level 1 in Maces & Flails
  7205 | D:7      | Reached XP level 9. HP: 68/79 MP: 8/8
  7210 | D:7      | Killed Dowan
  7276 | D:7      | Noticed Pikel
  7293 | D:7      | Killed Pikel
  7334 | D:7      | Found a staircase to the Ecumenical Temple.
  7346 | D:7      | Reached skill level 8 in Fighting
  7637 | D:7      | Reached skill level 5 in Maces & Flails
  8352 | D:7      | Found Peanyppe's Armour Boutique.
  8504 | D:7      | Found a hazy altar of Hepliaklqana.
  8589 | D:8      | Found an ornate altar of the Wu Jian Council.
  8633 | D:8      | Reached XP level 10. HP: 72/90 MP: 9/9
  8829 | D:8      | Reached ***** piety under Trog
  9565 | D:8      | Reached skill level 9 in Fighting
 10097 | D:8      | Found a staircase to the Lair.
 10442 | D:9      | Noticed Joseph
 10457 | D:9      | Killed Joseph
 10698 | D:9      | Noticed Grum
 10728 | D:9      | Killed Grum
 10906 | D:9      | Noticed Harold
 10920 | D:9      | Killed Harold
 11658 | D:9      | Paralysed by a hornet for 1 turns
 12154 | D:7      | Bought a +0 pair of gloves for 63 gold pieces
 12526 | D:10     | Entered Level 10 of the Dungeon
 12544 | D:10     | Reached skill level 10 in Fighting
 12884 | D:10     | Reached XP level 11. HP: 99/99 MP: 10/10
 12895 | D:10     | Received a gift from Trog
 13699 | D:10     | Noticed Snorg
 13705 | D:10     | Reached skill level 10 in Shields
 13737 | D:10     | Killed Snorg
 13738 | D:10     | Reached skill level 10 in Maces & Flails
 13738 | D:10     | Reached skill level 10 in Armour
 13990 | D:10     | Found a shadowy altar of Dithmenos.
 14219 | D:10     | Noticed Urug
 14231 | D:10     | Killed Urug
 15021 | D:11     | Noticed a two-headed ogre
 15030 | D:11     | Killed a two-headed ogre
 16413 | D:12     | Noticed a sixfirhy
 16417 | D:12     | Noticed a sixfirhy
 17197 | D:12     | Killed a sixfirhy
 17509 | D:12     | Reached skill level 11 in Fighting
 17740 | D:12     | Killed a sixfirhy
 18796 | D:12     | Identified the +9 plate armour of the Game of Life {Str+3}
 18804 | D:12     | Noticed a two-headed ogre
 18808 | D:12     | Killed a two-headed ogre
 18999 | D:12     | Reached XP level 12. HP: 110/110 MP: 11/11
 19824 | D:12     | Found the +8 storm bow {elec, penet}
 19862 | D:12     | Found a staircase to the Orcish Mines.
 19912 | D:12     | Reached skill level 1 in Ranged Weapons
 20059 | D:12     | Noticed a boulder beetle
 20072 | D:12     | Killed a boulder beetle
 20461 | Lair:1   | Entered Level 1 of the Lair of Beasts
 21416 | Lair:1   | Reached skill level 5 in Ranged Weapons
 23254 | Lair:2   | Noticed a seven-headed hydra
 23282 | Lair:2   | Killed a two-headed hydra
 23780 | Lair:2   | Noticed a minotaur
 23780 | Lair:2   | Noticed a death yak
 23780 | Lair:2   | Noticed erynZofia's ghost (journeyman DECj)
 23780 | Lair:2   | Noticed a catoblepas
 23984 | Lair:2   | Found a runed translucent gate.
 23984 | Lair:2   | Found a runed translucent gate.
 23984 | Lair:2   | Found a runed translucent gate.
 24706 | Lair:3   | Found a staircase to the Swamp.
 24715 | Lair:3   | Reached XP level 13. HP: 116/116 MP: 12/12
 24778 | Lair:3   | Found a hole to the Spider Nest.
 25267 | Lair:3   | Reached skill level 10 in Ranged Weapons
 26005 | Lair:3   | Noticed Rupert
 26021 | Lair:3   | Killed Rupert
 26712 | Lair:4   | Reached skill level 12 in Fighting
 26866 | Lair:4   | Reached skill level 10 in Axes
 27118 | Lair:4   | Found a snail-covered altar of Cheibriados.
 27175 | Lair:4   | Reached skill level 15 in Armour
 27240 | Lair:4   | Found a snail-covered altar of Cheibriados.
 27565 | Lair:5   | Entered Level 5 of the Lair of Beasts
 27754 | Lair:5   | Reached skill level 13 in Fighting
 27757 | Lair:5   | Reached XP level 14. HP: 129/129 MP: 13/13
 28406 | D:2      | Bought the ring "Kodar" {Fly rElec rN+ Str+4 Dex-3} for 415
                  | gold pieces
 29655 | Lair:5   | Received a gift from Trog
 30165 | Lair:5   | Reached skill level 14 in Fighting
 30346 | Lair:5   | Found a staircase to the Slime Pits.
 30573 | Lair:5   | Found a viscous altar of Jiyva.
 31273 | D:2      | Bought a +4 ring of slaying for 858 gold pieces
 32201 | D:13     | Noticed Jorgrun
 32209 | D:13     | Killed Jorgrun
 32210 | D:13     | Reached skill level 15 in Fighting
 32850 | D:13     | Found a gate to the Vaults.
 33276 | D:14     | Noticed Josephine
 33289 | D:14     | Killed Josephine
 33743 | D:14     | Reached XP level 15. HP: 141/141 MP: 14/14
 34543 | D:15     | Entered Level 15 of the Dungeon
 34598 | D:15     | Reached ****** piety under Trog
 35571 | D:15     | Identified the +0 ring mail of Melloipp {rF+ Dex+2}
 36399 | D:15     | Found a staircase to the Depths.
 36408 | D:15     | Noticed a fire giant
 36418 | D:15     | Killed a fire giant
 36419 | D:15     | Reached skill level 16 in Fighting
 36969 | Orc:1    | Entered Level 1 of the Orcish Mines
 37201 | Orc:2    | Entered Level 2 of the Orcish Mines
 37286 | Orc:2    | Found Lineck's Vocational Training.
 37414 | Orc:2    | Received a gift from Trog
 37735 | Orc:2    | Found a staircase to the Elven Halls.
 37833 | Orc:2    | Reached skill level 15 in Axes
 37904 | Orc:2    | Found Hoisch's Book Boutique.
 37904 | Orc:2    | Found Fiocew's Assorted Antiques.
 37905 | Orc:2    | Found Ukelal's Book Shop.
 37909 | Orc:2    | Found Oxebuves's Jewellery Boutique.
 37915 | Orc:2    | Bought a scroll of teleportation for 90 gold pieces
 37915 | Orc:2    | Bought a scroll labelled GIWINL ECOF for 30 gold pieces
 38302 | Orc:1    | Found Riva's Jewellery Shoppe.
 38678 | Spider:1 | Entered Level 1 of the Spider Nest
 38678 | Spider:1 | Noticed Louise
 38680 | Spider:1 | Noticed an emperor scorpion
 38688 | Spider:1 | Killed Louise
 38689 | Spider:1 | Killed an emperor scorpion
 38689 | Spider:1 | Received a gift from Trog
 39272 | Spider:1 | Gained mutation: You are frail. (-10% HP) [mutagenic glow]
 39285 | Spider:1 | Gained mutation: You are occasionally teleported next to
                  | monsters. [mutagenic glow]
 39524 | Spider:1 | Reached skill level 17 in Fighting
 39995 | Spider:1 | HP: 4/132 [disintegration (51)]
 40841 | Spider:1 | Identified the +1 dagger of Vicenus {venom, rF+ Will-
                  | Str+3}
 40860 | Spider:1 | Noticed Frances
 40867 | Spider:1 | Killed Frances
 41101 | Spider:1 | Reached XP level 16. HP: 129/139 MP: 15/15
 41410 | Spider:2 | Received a gift from Trog
 41991 | Spider:2 | Noticed Donald
 42000 | Spider:2 | Killed Donald
 42449 | Spider:3 | Paralysed by a jorogumo for 1 turns
 42893 | Spider:2 | Reached skill level 18 in Fighting
 42900 | Spider:2 | HP: 9/211 [poisoned by an emperor scorpion]
 42900 | Spider:2 | HP: 4/211 [demonic crawler (5)]
 42900 | Spider:2 | Slain by a demonic crawler

Illustrated notes

Levels and vault maps discovered:
D:1:      ldierk_walled_garden_2, layout_rooms
D:2:      layout_rooms, serial_shops, nicolae_shop_just_a_little_nook, shop,
          shop, nicolae_square_shop, basic_altar, minivault_23, minmay_domino_4
D:3:      layout_basic, hellmonk_ecumenical_altar_zigzags, serial_bayou,
          serial_bayou_pond_d, serial_bayou_ford_a, serial_bayou_crossing,
          serial_bayou_pond_e
D:4:      layout_loops_ring, ashenzari_conservatory_becter, serial_shops,
          nicolae_shop_drivethru, minmay_fractal_squares_diagonal_5, uniq_ijyb,
          uniq_edmund, uniq_menkaure
D:5:      layout_basic, nicolae_tso_carved_into_rock, portal_sewer_entry_f,
          minmay_checkerbox
D:6:      layout_layer_cave, mainiacjoe_overflow_brackets,
          nicolae_ru_awakened_eye, gammafunk_ghost_smash, fountainhead,
          nicolae_shop_i_like_big_books
D:7:      layout_basic, nicolae_hepliaklqana_monster_ancestors,
          minmay_temple_entry_sparse_star, serial_shops, shop, uniq_duvessa,
          uniq_pikel
D:8:      layout_basic, lemuel_round_altar, lair_entry_dummy
D:9:      layout_cave_pods, minmay_variable_closet, uniq_grum, uniq_harold,
          uniq_joseph
D:10:     layout_stronghold, nicolae_dithmenos_shadow_blocks, uniq_snorg,
          uniq_urug
D:11:     layout_long_grid
D:12:     minmay_shoctagon, layout_irregular_city, orc_0_dummy
D:13:     layout_basic, david_vaults_4, grunt_ogre_cave, uniq_jorgrun
D:14:     layout_roguey, hangedman_decor_growths, bh_circular_ruins,
          uniq_josephine
D:15:     grunt_enter_depths_giant_problem, layout_loops_corners,
          hangedman_decor_points, lightli_minifort
Lair:1:   layout_concentric_octagons, st_stairs_7, beast_lair_carwin_4
Lair:2:   layout_small_grid, maelrawn_ghost_gauntlet_escape
Lair:3:   layout_chaotic_city, swamp_mist_pool, spider_nest_entry_a, uniq_rupert
Lair:4:   layout_regular_city, basic_altar, kennysheep_snail_temple,
          serial_bayou_shore_a
Lair:5:   evilmike_catoblepas_cave, layout_gridlike, slime_entry_1,
          infiniplex_staircase_pool, grunt_megastairs_4
Spider:1: layout_spider_delve, special_room [special_room_bee],
          hellmonk_deceptive_appearances, uniq_louise, uniq_frances
Spider:2: layout_spider_delve, portal_ice_cave_entry_frozen_things, uniq_donald
Spider:3: layout_spider_delve
Orc:1:    layout_caves, serial_shops, shop
Orc:2:    st_orc_mages, layout_caves, nicolae_shop_vocational

Skill      XL: |  1  2  3  4  5  6  7  8  9 10 11 12 13 14 15 16 |
---------------+-------------------------------------------------+-----
Axes           | 4 5 6 7 8 9 10 13 16 | 16.0
Armour         | 3 4 5 6 8 9 11 13 15 16 17 | 17.8
Fighting       | 4 5 6 7 8 10 11 13 15 17 18 | 18.0
Dodging        | 3 4 |  4.0
Shields        | 2 4 7 8 9 11 | 11.3
Maces & Flails | 1 6 9 10 | 10.4
Ranged Weapons | 8 10 11 12 | 12.5

Action                     |  1- 3 |  4- 6 |  7- 9 | 10-12 | 13-15 | 16-18 || total
---------------------------+-------+-------+-------+-------+-------+-------++-------
  Melee: Hand axe          |    75 |   121 |   243 |       |       |       ||   439
         Headbutt          |    10 |    19 |    70 |    89 |   173 |    23 ||   384
         Whip              |       |       |   125 |   316 |       |       ||   441
         Broad axe         |       |       |       |   198 |    56 |       ||   254
         Executioner's axe |       |       |       |       |   710 |   125 ||   835
         Punch             |       |       |       |       |     1 |       ||     1
   Fire: Longbow           |       |       |       |    71 |    49 |       ||   120
 Invoke: Berserk           |       |     5 |     3 |    14 |    15 |     2 ||    39
         Trog's Hand       |       |     2 |     1 |     2 |     2 |     1 ||     8
    Use: Scroll            |       |     3 |    14 |    14 |     5 |     3 ||    39
         Potion            |       |       |     1 |     6 |     6 |       ||    13
   Stab: Petrified         |       |       |       |       |     4 |       ||     4
 Armour: Animal skin       |    30 |    27 |     4 |       |       |       ||    61
         Chain mail        |       |       |   125 |    69 |       |       ||   194
         Plate armour      |       |       |       |   158 |   860 |   305 ||  1323
  Dodge: Dodged            |    60 |    89 |   126 |   360 |   661 |   134 ||  1430
  Block: Buckler           |       |     4 |    79 |    48 |       |       ||   131
         Kite shield       |       |       |       |   182 |    37 |       ||   219
